[Event "European Online Club-ch-E 2021"]
[Site "Online"]
[Date "2021.03.27"]
[Round "6.18"]
[White "Moreno Trujillo, Alejandro"]
[Black "Postny, Evgeny"]
[Result "1-0"]
[ECO "D02"]
[WhiteElo "2483"]
[BlackElo "2605"]
[Annotator "ChessBase"]
[PlyCount "191"]
[EventDate "2021.03.27"]
[EventType "team-tourn"]
[EventCountry "NET"]
[SourceTitle "playchess.com"]
[Source "ChessBase"]
[SourceQuality "1"]
[TimeControl "900+5"]

1. d4 d5 2. Bf4 Nf6 3. e3 Bg4 4. Nf3 e6 5. Nbd2 Nbd7 6. h3 Bh5 7. Bd3 Be7 8. Qe2 c5 9. c3 O-O 10. g4 Bg6 11. Bxg6 hxg6 12. Ne5 Nxe5 13. dxe5 Nd7 14. Nf3 c4 15. h4 Nc5 16. Kf1 Nd3 17. Bg3 Qb6 18. Rb1 Rfc8 19. Kg2 Kf8 20. Nd4 Bc5 21. h5 gxh5 22. Rxh5 Ke7 23. Qf3 Rg8 24. Qe2 Raf8 25. b3 Bxd4 26. exd4 Kd7 27. Rhh1 Qc6 28. Qf3 b6 29. a4 f6 30. Rh7 f5 31. gxf5 Rxf5 32. Qg4 Kc8 33. a5 Qb7 34. axb6 axb6 35. b4 Qf7 36. f3 Kb7 37. Ra1 Kc6 38. Ra2 Nf4+ 39. Bxf4 Rxf4 40. Qg3 Rf5 41. Rh1 Rf8 42. Rf1 Qh5 43. f4 Kb5 44. Raf2 g5 45. fxg5 Rxg5 46. Rxf8 Rxg3+ 47. Kxg3 Qg5+ 48. Kh3 Qh6+ 49. Kg3 Qg6+ 50. Kh3 Ka4 51. R1f3 Qh6+ 52. Kg3 Qg5+ 53. Kh3 Qh5+ 54. Kg2 Qg4+ 55. Rg3 Qe4+ 56. Rff3 Kb3 57. Kh3 Qh7+ 58. Kg2 Qe4 59. Kh2 Qe2+ 60. Kh3 Qe4 61. Rf6 Qh1+ 62. Kg4 Qe4+ 63. Kg5 Qe1 64. Rgf3 Qg1+ 65. Kh6 Qg4 66. R6f4 Qg1 67. Kh5 Qg2 68. Rf6 b5 69. Kh4 Qg8 70. Rg3 Qh7+ 71. Kg4 Qe4+ 72. Kh3 Qh1+ 73. Kg4 Qe4+ 74. Kg5 Qe1 75. Rff3 Qh1 76. Kf6 Qh6+ 77. Ke7 Kc2 78. Kd6 Kb3 79. Rf6 Qh4 80. Rfg6 Qd8+ 81. Kxe6 Kc2 82. Kf5 Qf8+ 83. Rf6 Qh8 84. Rfg6 Qf8+ 85. Ke6 Qa8 86. Rg8 Qc6+ 87. Kf5 Qh6 88. e6 Qh5+ 89. Kf6 Qh4+ 90. Ke5 Qh5+ 91. Kd6 Qh6 92. Kd7 Qh7+ 93. e7 Qf5+ 94. Kd8 Qf6 95. R8g6 Qh4 96. R3g4 1-0

[Event "European Online Club-ch-E 2021"]
[Site "Online"]
[Date "2021.03.27"]
[Round "6.20"]
[White "Garrido Dominguez, Jesus"]
[Black "Huzman, Alexander"]
[Result "0-1"]
[ECO "C07"]
[WhiteElo "2413"]
[BlackElo "2561"]
[Annotator "ChessBase"]
[PlyCount "48"]
[EventDate "2021.03.27"]
[EventType "team-tourn"]
[EventCountry "NET"]
[SourceTitle "playchess.com"]
[Source "ChessBase"]
[SourceQuality "1"]
[TimeControl "900+5"]

1. e4 e6 2. d4 d5 3. Nd2 c5 4. exd5 Qxd5 5. Ngf3 cxd4 6. Bc4 Qd6 7. O-O Nf6 8. Nb3 Nc6 9. Nbxd4 Nxd4 10. Qxd4 Qxd4 11. Nxd4 Bd7 12. Re1 Rc8 13. Bb3 Bc5 14. c3 Bxd4 15. cxd4 Bc6 16. Bf4 Nd5 17. Bd6 Kd7 18. Be5 f6 19. Bg3 Rhe8 20. a3 Nb6 21. Rac1 Bd5 22. Bc2 h6 23. Bg6 Rf8 24. Rc4 Nxc4 0-1

[Event "European Online Club-ch-E 2021"]
[Site "Online"]
[Date "2021.03.27"]
[Round "7.1"]
[White "Chatalbashev, Boris"]
[Black "Coursaget, Nicolas"]
[Result "1-0"]
[ECO "D11"]
[WhiteElo "2530"]
[BlackElo "2192"]
[Annotator "ChessBase"]
[PlyCount "35"]
[EventDate "2021.03.27"]
[EventType "team-tourn"]
[EventCountry "NET"]
[SourceTitle "playchess.com"]
[Source "ChessBase"]
[SourceQuality "1"]
[TimeControl "900+5"]

1. d4 d5 2. c4 c6 3. Nf3 Nf6 4. g3 Bf5 5. Nc3 e6 6. Nh4 Bg4 7. h3 Bh5 8. Qb3 Qb6 9. c5 Qxb3 10. axb3 Nbd7 11. b4 e5 12. dxe5 Nxe5 13. g4 Bg6 14. f4 Nexg4 15. hxg4 Nxg4 16. f5 Bh5 17. Ng2 Nf6 18. Bg5 1-0

[Event "European Online Club-ch-E 2021"]
[Site "Online"]
[Date "2021.03.27"]
[Round "7.2"]
[White "Helie, Marc"]
[Black "Moreno Trujillo, Alejandro"]
[Result "1/2-1/2"]
[ECO "D52"]
[WhiteElo "2083"]
[BlackElo "2483"]
[Annotator "ChessBase"]
[PlyCount "137"]
[EventDate "2021.03.27"]
[EventType "team-tourn"]
[EventCountry "NET"]
[SourceTitle "playchess.com"]
[Source "ChessBase"]
[SourceQuality "1"]
[TimeControl "900+5"]

1. d4 d5 2. Nf3 Nf6 3. c4 c6 4. Nc3 e6 5. Bg5 h6 6. Bh4 Nbd7 7. e3 Bb4 8. Qc2 Qa5 9. Nd2 Ne4 10. Ndxe4 dxe4 11. Be2 O-O 12. O-O f5 13. f3 exf3 14. Rxf3 Nf6 15. Raf1 e5 16. c5 Bxc3 17. bxc3 e4 18. R3f2 Be6 19. c4 Qa3 20. Qd2 b6 21. Bxf6 Rxf6 22. d5 Rd8 23. cxb6 axb6 24. g4 cxd5 25. gxf5 Bf7 26. Rb1 Qe7 27. cxd5 Rxd5 28. Qc3 Kh7 29. Rbf1 Qc5 30. Qxc5 Rxc5 31. Bg4 Rc3 32. Re1 Bc4 33. Rb1 Rxe3 34. Rfb2 b5 35. Rb4 Ra3 36. R1b2 e3 37. Bf3 h5 38. Be2 Bxe2 39. Rxe2 Rxf5 40. Re4 Rf2 41. R4xe3 Rxe2 42. Rxe2 g6 43. Rb2 Ra5 44. Kg2 Kg7 45. Kg3 Kf6 46. h3 Ke5 47. Kh4 Kd4 48. Kg5 Kc3 49. Rg2 Ra6 50. h4 b4 51. Kh6 Kc4 52. Rxg6 Rxa2 53. Kxh5 Ra5+ 54. Kh6 b3 55. Rg4+ Kc3 56. Rg3+ Kb4 57. Rxb3+ Kxb3 58. h5 Kc4 59. Kg6 Kd5 60. h6 Ra6+ 61. Kg7 Ra7+ 62. Kg8 Ra8+ 63. Kg7 Ra7+ 64. Kg8 Ke6 65. h7 Ra8+ 66. Kg7 Ra7+ 67. Kg8 Ra8+ 68. Kg7 Ra7+ 69. Kg8 1/2-1/2

[Event "European Online Club-ch-E 2021"]
[Site "Online"]
[Date "2021.03.27"]
[Round "7.3"]
[White "Garrido Dominguez, Jesus"]
[Black "Lejeune, Gael"]
[Result "1/2-1/2"]
[ECO "B01"]
[WhiteElo "2413"]
[BlackElo "2070"]
[Annotator "NA"]
[PlyCount "144"]
[EventDate "2021.03.27"]
[EventType "team-tourn"]
[EventCountry "NET"]
[SourceTitle "playchess.com"]
[Source "ChessBase"]
[SourceQuality "1"]
[TimeControl "900+5"]

1. e4 d5 2. exd5 Qxd5 3. Nc3 Qd8 4. Bc4 Nf6 5. d3 Bf5 6. Nge2 e6 7. Ng3 Bg6 8. O-O Be7 9. f4 c6 10. f5 exf5 11. Nxf5 Bxf5 12. Rxf5 Nbd7 13. Qf3 O-O 14. a4 g6 15. Rf4 Ne5 16. Qf2 Nxc4 17. Rxc4 Nd5 18. Bh6 Re8 19. Rf1 f5 20. Qg3 Nxc3 21. bxc3 Bd6 22. Qh3 Qb6+ 23. Kh1 Re2 24. Rd4 Be5 25. Rd7 Qf2 26. g3 Re1 27. Rxe1 Qxe1+ 28. Kg2 Qe2+ 29. Kg1 Qxc2 30. d4 Bf6 31. Be3 Qd1+ 32. Qf1 Qxf1+ 33. Kxf1 Re8 34. Bh6 Re7 35. Rd8+ Kf7 36. Rb8 c5 37. dxc5 Bxc3 38. Bf4 Bd4 39. Bd6 Rd7 40. Ke2 Ke6 41. Bf8 Kd5 42. Rc8 g5 43. Kf3 h5 44. Bd6 Rf7 45. h4 gxh4 46. gxh4 Be5 47. Bxe5 Kxe5 48. c6 bxc6 49. Rxc6 Rb7 50. Rc5+ Kf6 51. Rc6+ Ke5 52. Rc5+ Kf6 53. Ra5 Rb3+ 54. Kf2 Rb2+ 55. Kf3 Rb3+ 56. Ke2 Rh3 57. Rxa7 Rxh4 58. a5 Rh3 59. a6 Kg5 60. Rh7 Ra3 61. a7 Kg4 62. Kf2 h4 63. Kg2 Ra2+ 64. Kg1 f4 65. Rg7+ Kf3 66. Rh7 Kg3 67. Rg7+ Kf3 68. Kh1 h3 69. Rh7 Kg3 70. Rg7+ Kf3 71. Rh7 Kg3 72. Rg7+ Kf3 1/2-1/2

[Event "European Online Club-ch-E 2021"]
[Site "Online"]
[Date "2021.03.27"]
[Round "7.4"]
[White "Thereze, Ludovic"]
[Black "Yashas, D.."]
[Result "0-1"]
[ECO "E21"]
[WhiteElo "2007"]
[BlackElo "2296"]
[Annotator "NA"]
[PlyCount "92"]
[EventDate "2021.03.27"]
[EventType "team-tourn"]
[EventCountry "NET"]
[SourceTitle "playchess.com"]
[Source "ChessBase"]
[SourceQuality "1"]
[TimeControl "900+5"]

1. d4 Nf6 2. c4 e6 3. Nc3 Bb4 4. Bd2 b6 5. g3 Bb7 6. Nf3 c5 7. a3 Bxc3 8. Bxc3 O-O 9. Bg2 Ne4 10. O-O Nxc3 11. bxc3 Qc7 12. d5 d6 13. Qd3 e5 14. Ng5 g6 15. Qe4 h6 16. Ne6 fxe6 17. Qxg6+ Qg7 18. Qxe6+ Kh8 19. Qxd6 Nd7 20. Bh3 Rad8 21. Qc7 Nb8 22. Qxg7+ Kxg7 23. f4 e4 24. Bg2 Ba6 25. Bxe4 Bxc4 26. Rfd1 Bxe2 27. Rd2 Bg4 28. Re1 Rfe8 29. Kf2 Nd7 30. d6 Nf6 31. Bc6 Rxe1 32. Kxe1 Bd7 33. Bg2 Re8+ 34. Kd1 Bg4+ 35. Kc2 Re2 36. Bc6 Rxd2+ 37. Kxd2 Kf7 38. Kd3 Ke6 39. Bg2 Kxd6 40. Kc4 Be2+ 41. Kb3 b5 42. a4 Bd1+ 43. Ka3 Bxa4 44. c4 a6 45. Bf1 Kc6 46. h3 Nh5 0-1

[Event "European Online Club-ch-E 2021"]
[Site "Online"]
[Date "2021.03.27"]
[Round "7.5"]
[White "Westerberg, Jonathan"]
[Black "Mikhalevski, Victor"]
[Result "0-1"]
[ECO "C54"]
[WhiteElo "2534"]
[BlackElo "2552"]
[Annotator "ChessBase"]
[PlyCount "48"]
[EventDate "2021.03.27"]
[EventType "team-tourn"]
[EventCountry "NET"]
[SourceTitle "playchess.com"]
[Source "ChessBase"]
[SourceQuality "1"]
[TimeControl "900+5"]

1. e4 e5 2. Nf3 Nc6 3. Bc4 Bc5 4. c3 Nf6 5. Qe2 O-O 6. Bb3 d5 7. d3 h6 8. Nbd2 Re8 9. h3 Nh5 10. g3 Be6 11. Nf1 f5 12. Be3 d4 13. Bxe6+ Rxe6 14. Bd2 fxe4 15. dxe4 d3 16. Qd1 Qf6 17. N1h2 Qg6 18. Qa4 b5 19. Qxb5 Qxe4+ 20. Kd1 Bxf2 21. Qb3 Rae8 22. Rf1 Qe2+ 23. Kc1 Nxg3 24. Rd1 e4 0-1

[Event "European Online Club-ch-E 2021"]
[Site "Online"]
[Date "2021.03.27"]
[Round "7.6"]
[White "Roiz, Michael"]
[Black "Arman, Deniz"]
[Result "1/2-1/2"]
[ECO "D76"]
[WhiteElo "2579"]
[BlackElo "2336"]
[Annotator "ChessBase"]
[PlyCount "78"]
[EventDate "2021.03.27"]
[EventType "team-tourn"]
[EventCountry "NET"]
[SourceTitle "playchess.com"]
[Source "ChessBase"]
[SourceQuality "1"]
[TimeControl "900+5"]

1. d4 Nf6 2. c4 g6 3. g3 Bg7 4. Bg2 d5 5. cxd5 Nxd5 6. Nf3 O-O 7. O-O Nb6 8. Nc3 Nc6 9. e3 e5 10. d5 e4 11. dxc6 Qxd1 12. Rxd1 exf3 13. Bxf3 bxc6 14. Bd2 Nc4 15. Na4 Rb8 16. Bc3 Bxc3 17. bxc3 Ne5 18. Be2 Bf5 19. Rd4 h5 20. f3 Bc2 21. Nc5 Rb2 22. Rd2 Rfb8 23. Kf1 Bb1 24. Rxb2 Rxb2 25. Na4 Rxa2 26. Rxb1 Rxa4 27. Rb7 Ra1+ 28. Kf2 Ra2 29. e4 Rc2 30. Rxa7 Rxc3 31. Rxc7 Rc2 32. Ke3 Nc4+ 33. Kf2 Ne5 34. h3 g5 35. f4 gxf4 36. gxf4 Ng6 37. Ke3 Nxf4 38. Kxf4 Rxe2 39. Rxc6 Kg7 1/2-1/2

[Event "European Online Club-ch-E 2021"]
[Site "Online"]
[Date "2021.03.27"]
[Round "7.7"]
[White "Cederstam Barsk, Carl"]
[Black "Steinberg, Nitzan"]
[Result "0-1"]
[ECO "B52"]
[WhiteElo "2366"]
[BlackElo "2553"]
[Annotator "ChessBase"]
[PlyCount "76"]
[EventDate "2021.03.27"]
[EventType "team-tourn"]
[EventCountry "NET"]
[SourceTitle "playchess.com"]
[Source "ChessBase"]
[SourceQuality "1"]
[TimeControl "900+5"]

1. e4 c5 2. Nf3 d6 3. Bb5+ Bd7 4. Bxd7+ Nxd7 5. O-O Ngf6 6. Re1 g6 7. c3 Bg7 8. d4 O-O 9. Nbd2 cxd4 10. cxd4 Rc8 11. Qb3 Qb6 12. Qd3 Qc6 13. b3 Qc2 14. Qe2 Nh5 15. Ba3 Nf4 16. Qb5 Qc6 17. Qf1 b5 18. g3 Nh5 19. Rec1 Qb7 20. Bb4 Nhf6 21. Qd3 Bh6 22. d5 Bg7 23. h3 Qb6 24. Bc3 Nc5 25. Qd4 Ncxe4 26. Nxe4 Qxd4 27. Nxf6+ Qxf6 28. Bxf6 Bxf6 29. Rab1 Bc3 30. Rc2 Rc5 31. Rd1 Rfc8 32. Re2 Bf6 33. Rdd2 b4 34. Kg2 Ra5 35. g4 h6 36. h4 g5 37. hxg5 hxg5 38. Rd1 Rcc5 0-1

[Event "European Online Club-ch-E 2021"]
[Site "Online"]
[Date "2021.03.27"]
[Round "7.9"]
[White "Sirosh, Ilja"]
[Black "Oparin, Grigoriy"]
[Result "1/2-1/2"]
[ECO "C54"]
[WhiteElo "2400"]
[BlackElo "2652"]
[Annotator "ChessBase"]
[PlyCount "207"]
[EventDate "2021.03.27"]
[EventType "team-tourn"]
[EventCountry "NET"]
[SourceTitle "playchess.com"]
[Source "ChessBase"]
[SourceQuality "1"]
[TimeControl "900+5"]

1. e4 e5 2. Nf3 Nc6 3. Bc4 Nf6 4. d3 Bc5 5. c3 O-O 6. O-O h6 7. Nbd2 d6 8. Re1 a5 9. Nf1 Be6 10. Bb5 Bb6 11. d4 exd4 12. cxd4 Bg4 13. Be3 Bxf3 14. gxf3 Ne7 15. Ng3 Nh7 16. Bd3 Kh8 17. Kh1 c5 18. d5 c4 19. Bxc4 f5 20. f4 fxe4 21. Qb3 Bxe3 22. fxe3 Nf5 23. Nxf5 Rxf5 24. Rg1 Rb8 25. Be2 Nf6 26. Rad1 Qg8 27. Qa4 b5 28. Qxa5 Rxd5 29. Qc7 Rc8 30. Qe7 Re8 31. Qc7 Qf8 32. Qb7 Rb8 33. Qc6 Rc8 34. Qb7 Rxd1 35. Bxd1 Rb8 36. Qa7 Ra8 37. Qb7 Rxa2 38. Bb3 Rxb2 39. Rc1 Rxb3 40. Rc8 Qxc8 41. Qxc8+ Ng8 42. Qe6 Rxe3 43. Qxd6 Rf3 44. Qb8 b4 45. Kg2 b3 46. Qa8 Rxf4 47. Qb7 e3 48. Qxb3 Re4 49. Qd3 Re7 50. Kf1 e2+ 51. Ke1 Nf6 52. Qd8+ Re8 53. Qd4 Re4 54. Qd8+ Kh7 55. Qd3 h5 56. h3 Kh6 57. Qd2+ g5 58. Qd8 Kg6 59. Qc8 g4 60. hxg4 hxg4 61. Qc7 Kg5 62. Qg7+ Kf5 63. Qc7 Re5 64. Qc3 Kf4 65. Qd4+ Kf5 66. Qc3 Nd5 67. Qd3+ Kf6 68. Qg3 Ne3 69. Qf4+ Ke6 70. Qh6+ Kd5 71. Qh1+ Kd4 72. Kxe2 Nf5+ 73. Kd2 g3 74. Qg1+ Ke4 75. Qe1+ Kf4 76. Qf1+ Kg4 77. Qc4+ Kg5 78. Qg8+ Kf4 79. Qg6 Re4 80. Qb6 Re7 81. Qb8+ Kg4 82. Qg8+ Rg7 83. Qc4+ Kh5 84. Qf4 Rg5 85. Qf3+ Kg6 86. Qc6+ Kh7 87. Qd7+ Kh6 88. Qc6+ Rg6 89. Qh1+ Kg5 90. Qe4 Rd6+ 91. Ke1 Rd4 92. Qa8 Kf4 93. Qb8+ Kf3 94. Qb7+ Kg4 95. Qa8 Kg5 96. Kf1 Rd2 97. Qg8+ Kf4 98. Qc4+ Nd4 99. Qf7+ Ke3 100. Qe7+ Kd3 101. Qh7+ Kc3 102. Qg7 g2+ 103. Qxg2 Rxg2 104. Kxg2 1/2-1/2

[Event "European Online Club-ch-E 2021"]
[Site "Online"]
[Date "2021.03.27"]
[Round "7.10"]
[White "Moussard, Jules"]
[Black "Chukavin, Kirill"]
[Result "1-0"]
[ECO "B84"]
[WhiteElo "2635"]
[BlackElo "2384"]
[Annotator "ChessBase"]
[PlyCount "77"]
[EventDate "2021.03.27"]
[EventType "team-tourn"]
[EventCountry "NET"]
[SourceTitle "playchess.com"]
[Source "ChessBase"]
[SourceQuality "1"]
[TimeControl "900+5"]

1. e4 c5 2. Nf3 e6 3. d4 cxd4 4. Nxd4 Nf6 5. Nc3 d6 6. Be3 a6 7. Be2 Be7 8. g4 Nc6 9. g5 Nd7 10. h4 Qc7 11. h5 b5 12. Nxc6 Qxc6 13. Qd4 e5 14. Qd2 Nb6 15. Bxb6 Qxb6 16. Nd5 Qb7 17. O-O-O Be6 18. f4 Bxd5 19. exd5 exf4 20. Qxf4 h6 21. gxh6 Rxh6 22. Kb1 Bf6 23. Rhf1 Be5 24. Qg4 Rc8 25. Bd3 Rc5 26. Bg6 Rc7 27. Qf3 Re7 28. Bf5 Rf6 29. Qg4 Rh6 30. a3 Kf8 31. Rf3 Kg8 32. c3 Rc7 33. Bd3 Qc8 34. Bf5 Qb7 35. Qg5 Bf6 36. Qg4 Rc4 37. Re3 Be5 38. Qg5 Qb8 39. Rg1 1-0

[Event "European Online Club-ch-E 2021"]
[Site "Online"]
[Date "2021.03.27"]
[Round "7.11"]
[White "Valner, Uku"]
[Black "Gozzoli, Yannick"]
[Result "1-0"]
[ECO "C54"]
[WhiteElo "2296"]
[BlackElo "2600"]
[Annotator "ChessBase"]
[PlyCount "73"]
[EventDate "2021.03.27"]
[EventType "team-tourn"]
[EventCountry "NET"]
[SourceTitle "playchess.com"]
[Source "ChessBase"]
[SourceQuality "1"]
[TimeControl "900+5"]

1. e4 e5 2. Nf3 Nc6 3. Bc4 Bc5 4. O-O d6 5. c3 Nf6 6. d3 h6 7. Be3 Bb6 8. a4 O-O 9. h3 Ne7 10. Nbd2 c6 11. d4 exd4 12. Bxd4 Bxd4 13. Nxd4 Ng6 14. a5 a6 15. Re1 Re8 16. b4 d5 17. exd5 cxd5 18. Rxe8+ Qxe8 19. Bb3 Bd7 20. Qf3 Qe5 21. Bc2 Nf4 22. N2b3 Re8 23. Nc5 Qg5 24. Nxd7 Nxd7 25. h4 Qe5 26. Kf1 Nf6 27. g3 Ne6 28. Nxe6 Rxe6 29. Rd1 Rc6 30. Rd4 Re6 31. Kg2 g6 32. Bb3 Rd6 33. Qd3 Kg7 34. Qd2 Ne4 35. Qe3 Kf6 36. Bxd5 Nxc3 37. Rf4+ 1-0

[Event "European Online Club-ch-E 2021"]
[Site "Online"]
[Date "2021.03.27"]
[Round "7.12"]
[White "Cornette, Matthieu"]
[Black "Liiva, Riho"]
[Result "1/2-1/2"]
[ECO "B01"]
[WhiteElo "2555"]
[BlackElo "2443"]
[Annotator "ChessBase"]
[PlyCount "75"]
[EventDate "2021.03.27"]
[EventType "team-tourn"]
[EventCountry "NET"]
[SourceTitle "playchess.com"]
[Source "ChessBase"]
[SourceQuality "1"]
[TimeControl "900+5"]

1. e4 d5 2. exd5 Qxd5 3. Nc3 Qd6 4. d4 Nf6 5. Nf3 a6 6. Bd3 Bg4 7. h3 Bh5 8. O-O Nbd7 9. Re1 e6 10. g4 Bg6 11. d5 Nc5 12. Bxg6 hxg6 13. dxe6 Nxe6 14. Ng5 Qxd1 15. Nxd1 Be7 16. Nxe6 fxe6 17. Kg2 Kf7 18. c4 Rad8 19. Ne3 Bb4 20. Re2 Rd3 21. a3 Be7 22. b4 Ne4 23. Bb2 Bf6 24. c5 Ng5 25. Rh1 Bxb2 26. Rxb2 Rxa3 27. Rd2 Ke7 28. Rhd1 Nxh3 29. Rd7+ Kf6 30. Rxc7 Nf4+ 31. Kg1 Ra2 32. Rxb7 Kg5 33. Rf1 Rh3 34. c6 Ne2+ 35. Kg2 Nf4+ 36. Kg1 Ne2+ 37. Kg2 Nf4+ 38. Kg1 1/2-1/2

[Event "European Online Club-ch-E 2021"]
[Site "Online"]
[Date "2021.03.27"]
[Round "7.13"]
[White "Dedebas, Emre Emin"]
[Black "Guseinov, Gadir"]
[Result "1/2-1/2"]
[ECO "A45"]
[WhiteElo "2335"]
[BlackElo "2665"]
[Annotator "ChessBase"]
[PlyCount "102"]
[EventDate "2021.03.27"]
[EventType "team-tourn"]
[EventCountry "NET"]
[SourceTitle "playchess.com"]
[Source "ChessBase"]
[SourceQuality "1"]
[TimeControl "900+5"]

1. d4 Nf6 2. Bf4 g6 3. Nc3 d5 4. e3 Bg7 5. h4 h5 6. Nf3 O-O 7. Ne5 c5 8. Qd2 Nc6 9. dxc5 Qa5 10. Nxc6 bxc6 11. Be5 Bf5 12. Bd3 Bxd3 13. cxd3 Qxc5 14. O-O Ng4 15. d4 Qa5 16. Bxg7 Kxg7 17. Rac1 Rac8 18. a3 Kh7 19. Ne4 Qc7 20. Ng5+ Kg8 21. g3 e5 22. Rc5 Qd7 23. Rfc1 f6 24. Nf3 e4 25. Ne1 Nh6 26. Kh2 g5 27. Ng2 Ng4+ 28. Kg1 Nh6 29. Kh2 Nf5 30. Qc2 Ne7 31. Qe2 Qe8 32. b4 Rb8 33. Ra5 Rb7 34. Rac5 Kg7 35. Qa6 Qd7 36. Qe2 Rh8 37. Rb1 Ng6 38. b5 cxb5 39. Rbxb5 Ne7 40. Rxb7 Qxb7 41. Qb5 Rb8 42. Qe2 Kg6 43. Qc2 Qb2 44. Ne1 Qa1 45. Ng2 Rb2 46. Qa4 Rb8 47. Qd7 Rb1 48. Qe8+ Kf5 49. Qd7+ Kg6 50. Qe8+ Kf5 51. Qd7+ Kg6 1/2-1/2

[Event "European Online Club-ch-E 2021"]
[Site "Online"]
[Date "2021.03.27"]
[Round "7.14"]
[White "Abasov, Nijat"]
[Black "Angun, Batu"]
[Result "0-1"]
[ECO "D90"]
[WhiteElo "2664"]
[BlackElo "2326"]
[Annotator "ChessBase"]
[PlyCount "96"]
[EventDate "2021.03.27"]
[EventType "team-tourn"]
[EventCountry "NET"]
[SourceTitle "playchess.com"]
[Source "ChessBase"]
[SourceQuality "1"]
[TimeControl "900+5"]

1. c4 Nf6 2. Nc3 g6 3. Nf3 Bg7 4. d4 d5 5. cxd5 Nxd5 6. Na4 Bf5 7. Nh4 Bd7 8. e4 e5 9. Nf3 Nb6 10. Nxb6 axb6 11. Bg5 f6 12. Be3 exd4 13. Nxd4 Qe7 14. Qb3 Na6 15. Bb5 Nc5 16. Bxd7+ Qxd7 17. Qc2 O-O 18. O-O Rfe8 19. Rfd1 Nxe4 20. Rac1 c5 21. Nf3 Qf7 22. a3 f5 23. Bf4 Rad8 24. h4 b5 25. Ng5 Nxg5 26. Bxg5 Rxd1+ 27. Rxd1 c4 28. Qd2 Qe6 29. g3 Qe4 30. Qd7 h6 31. Be3 Qc6 32. Qd2 Kh7 33. Qb4 Qf3 34. Rd7 Rxe3 35. fxe3 Qxg3+ 36. Kf1 Qf3+ 37. Ke1 Qxe3+ 38. Kd1 Qf3+ 39. Kc1 Qf4+ 40. Kb1 Qe5 41. Re7 Qf6 42. Rxb7 f4 43. Rxb5 f3 44. Qxc4 f2 45. Qf1 Qxh4 46. Ka2 Qf6 47. a4 Qe6+ 48. Rb3 Qe1 0-1

[Event "European Online Club-ch-E 2021"]
[Site "Online"]
[Date "2021.03.27"]
[Round "7.15"]
[White "Ozenir, Ekin Baris"]
[Black "Durarbayli, Vasif"]
[Result "0-1"]
[ECO "D10"]
[WhiteElo "2309"]
[BlackElo "2606"]
[Annotator "ChessBase"]
[PlyCount "108"]
[EventDate "2021.03.27"]
[EventType "team-tourn"]
[EventCountry "NET"]
[SourceTitle "playchess.com"]
[Source "ChessBase"]
[SourceQuality "1"]
[TimeControl "900+5"]

1. d4 d5 2. c4 c6 3. cxd5 cxd5 4. Bf4 Nc6 5. e3 Nf6 6. Nc3 a6 7. Bd3 Bg4 8. Nge2 e6 9. O-O Bd6 10. Bxd6 Qxd6 11. Rc1 O-O 12. Qd2 Bxe2 13. Qxe2 Rac8 14. Rfd1 Rc7 15. Na4 Rfc8 16. Nc5 a5 17. Qd2 g6 18. h3 b6 19. Na4 Nb4 20. Rxc7 Qxc7 21. Nc3 Nxd3 22. Qxd3 Ne8 23. g3 Nd6 24. Nb5 Nxb5 25. Qxb5 Qc2 26. Rf1 Rc6 27. Re1 Kg7 28. Qe2 Qf5 29. Kg2 Rc2 30. Qf3 Qxf3+ 31. Kxf3 Rxb2 32. Rc1 a4 33. Rc6 Kf6 34. a3 Rb3 35. g4 h5 36. Kf4 g5+ 37. Kf3 h4 38. Kg2 Ke7 39. Rc7+ Ke8 40. Rb7 f6 41. Kf3 b5 42. Kg2 Kd8 43. Rb6 Kd7 44. Rb8 Kc7 45. Rf8 Rxa3 46. Rxf6 Kd6 47. f4 gxf4 48. Rxf4 Rxe3 49. Kf2 Rxh3 50. g5 Rg3 51. Rxh4 Rxg5 52. Rh8 Rg4 53. Ke3 Rg3+ 54. Kd2 Rb3 0-1

[Event "European Online Club-ch-E 2021"]
[Site "Online"]
[Date "2021.03.27"]
[Round "7.16"]
[White "Safarli, Eltaj"]
[Black "Tarlabasi, Emirhan"]
[Result "1-0"]
[ECO "C07"]
[WhiteElo "2598"]
[BlackElo "2301"]
[Annotator "ChessBase"]
[PlyCount "87"]
[EventDate "2021.03.27"]
[EventType "team-tourn"]
[EventCountry "NET"]
[SourceTitle "playchess.com"]
[Source "ChessBase"]
[SourceQuality "1"]
[TimeControl "900+5"]

1. e4 e6 2. d4 d5 3. Nd2 a6 4. Ngf3 c5 5. c3 Nc6 6. Bd3 Nf6 7. O-O cxd4 8. cxd4 Be7 9. Re1 O-O 10. e5 Nd7 11. Nf1 Re8 12. Ng3 f5 13. exf6 Bxf6 14. Nh5 Nf8 15. Nxf6+ Qxf6 16. Bg5 Qf7 17. Qd2 Bd7 18. Bf4 Ng6 19. Bg3 Rac8 20. Rac1 Qf6 21. Bb1 Nce7 22. h4 Nf5 23. h5 Nge7 24. Ne5 Rxc1 25. Rxc1 Bc6 26. Bf4 h6 27. g4 Nh4 28. Rc3 Rf8 29. Bg3 g5 30. hxg6 Nhxg6 31. Qxh6 Qg7 32. Qxg7+ Kxg7 33. Bxg6 Nxg6 34. Nxc6 bxc6 35. Rxc6 Nf4 36. Kf1 a5 37. Ra6 Nd3 38. Rxe6 Nxb2 39. Rd6 Nc4 40. Rd7+ Kg6 41. Kg2 Re8 42. Rxd5 Re2 43. Rc5 Na3 44. Rxa5 1-0

[Event "European Online Club-ch-E 2021"]
[Site "Online"]
[Date "2021.03.27"]
[Round "7.17"]
[White "Pavlidis, Antonios"]
[Black "Ozturk Orenli, Kubra"]
[Result "0-1"]
[ECO "C26"]
[WhiteElo "2536"]
[BlackElo "2330"]
[Annotator "ChessBase"]
[PlyCount "56"]
[EventDate "2021.03.27"]
[EventType "team-tourn"]
[EventCountry "NET"]
[SourceTitle "playchess.com"]
[Source "ChessBase"]
[SourceQuality "1"]
[TimeControl "900+5"]

1. e4 e5 2. Nc3 Nf6 3. d4 exd4 4. Qxd4 Nc6 5. Qd3 Bb4 6. Bd2 O-O 7. O-O-O Re8 8. Nge2 d6 9. h3 Ne5 10. Qg3 Nh5 11. Qh2 Nc4 12. Be1 Qg5+ 13. Kb1 Qa5 14. Rd5 c5 15. Rxh5 Be6 16. Qg3 Nxb2 17. Nc1 Na4 18. Nxa4 Bxe1 19. Nb2 b5 20. Nb3 Bxb3 21. cxb3 Bc3 22. Be2 Bxb2 23. Kxb2 Qd2+ 24. Ka1 Qxe2 25. Rg5 g6 26. h4 Qxe4 27. h5 Qd4+ 28. Kb1 Re2 0-1

[Event "European Online Club-ch-E 2021"]
[Site "Online"]
[Date "2021.03.27"]
[Round "7.18"]
[White "Caglar, Sila"]
[Black "Stefanou, Dimitrios"]
[Result "1-0"]
[ECO "C50"]
[WhiteElo "2250"]
[BlackElo "2099"]
[Annotator "NA"]
[PlyCount "97"]
[EventDate "2021.03.27"]
[EventType "team-tourn"]
[EventCountry "NET"]
[SourceTitle "playchess.com"]
[Source "ChessBase"]
[SourceQuality "1"]
[TimeControl "900+5"]

1. e4 e5 2. Nf3 Nc6 3. Bc4 Bc5 4. O-O Nf6 5. d3 O-O 6. Re1 a6 7. c3 d6 8. b4 Ba7 9. a4 Ne7 10. a5 Ng6 11. Nbd2 c6 12. Nf1 d5 13. Bb3 Re8 14. h3 h6 15. Bd2 Be6 16. Ng3 Qd7 17. exd5 Bxd5 18. Be3 Bxe3 19. Rxe3 Bxb3 20. Qxb3 Nd5 21. Re4 f5 22. Re2 Kh7 23. Rd1 Ndf4 24. Red2 Rf8 25. d4 e4 26. Ne5 Qe8 27. Kh2 Nxe5 28. dxe5 Qxe5 29. Rd7 Nd3 30. Qc4 Nxf2 31. Qd4 Qxd4 32. R1xd4 Nd3 33. Rxb7 Rad8 34. Rxd8 Rxd8 35. Nxf5 Ne5 36. Rxg7+ Kh8 37. Re7 Nc4 38. Nxh6 Rd3 39. Rxe4 Rxc3 40. Nf7+ Kg7 41. Ne5 Nd6 42. Rd4 Nf5 43. Rc4 Rxc4 44. Nxc4 Nd4 45. Ne5 Kf6 46. Nd7+ Ke6 47. Nc5+ Kd5 48. Nxa6 Kc4 49. Nc7 1-0

[Event "European Online Club-ch-E 2021"]
[Site "Online"]
[Date "2021.03.27"]
[Round "7.19"]
[White "Koutlas, Nikolaos"]
[Black "Ince, Safiye Oyku"]
[Result "1-0"]
[ECO "B48"]
[WhiteElo "2078"]
[BlackElo "1995"]
[Annotator "NA"]
[PlyCount "49"]
[EventDate "2021.03.27"]
[EventType "team-tourn"]
[EventCountry "NET"]
[SourceTitle "playchess.com"]
[Source "ChessBase"]
[SourceQuality "1"]
[TimeControl "900+5"]

1. e4 c5 2. Nf3 e6 3. d4 cxd4 4. Nxd4 Nc6 5. Nc3 Qc7 6. Be2 Nf6 7. O-O Be7 8. Be3 O-O 9. Kh1 d6 10. Nb3 Rd8 11. f4 d5 12. e5 Ne4 13. Qe1 Bb4 14. Nb5 Qb8 15. c3 Be7 16. Bd3 a6 17. N5d4 Nxd4 18. Nxd4 Nc5 19. Bc2 f5 20. g4 fxg4 21. Rg1 h5 22. h3 gxh3 23. Rxg7+ Kxg7 24. Qg3+ Kh8 25. Rg1 1-0